| TOP OF THE 1ST |
|
Norfolk Tides batting - Pitching for Pawtucket Red Sox : RHP J.J. Dean
|
|
Pitching: RHP J.J. Dean
|
|
|
Batting: LHB Hyoji Toda
|
0-0: Called Strike 0-1: Foul Ball, location: 2F 0-2: Fly out, F7 (Flyball, 78M, EV 92.5 MPH)
|
|
Batting: LHB Tom Edwards
|
0-0: Ball 1-0: SINGLE (Groundball, 13, EV 85.6 MPH) (infield hit)
|
|
Batting: RHB Mike Hayward
|
0-0: Ball Tom Edwards is caught stealing 2nd base 2-4 1-0: Ball 2-0: Ground out U3 (Groundball, 34, EV 90.6 MPH)
|
| Top of the 1st over - 0 runs, 1 hit, 0 errors, 0 left on base; Norfolk 0 - Pawtucket 0 |
| BOTTOM OF THE 1ST |
|
Pawtucket Red Sox batting - Pitching for Norfolk Tides : RHP Ben Knapp
|
|
Pitching: RHP Ben Knapp
|
|
|
Batting: LHB Shoichi Aso
|
0-0: Ball 1-0: Called Strike 1-1: Foul Ball, location: 2F 1-2: Foul Ball, location: 2F 1-2: Foul Ball, location: 2F 1-2: Foul Ball, location: 2F 1-2: Ball 2-2: Strikes out swinging
|
|
Batting: LHB Mike Mentzer
|
0-0: Called Strike 0-1: Ball 1-1: Called Strike 1-2: Ball 2-2: Ball 3-2: Foul Ball, location: 2F 3-2: Base on Balls
|
|
Batting: RHB Marty King
|
0-0: Ball Wild Pitch! Mike Mentzer to second 1-0: Foul Ball, location: 2F 1-1: SINGLE (Groundball, 3D, EV 96.9 MPH) Mike Mentzer to third Runner from 3rd tries for Home, SAFE, throw by RF to home Marty King to second
|
|
Batting: SHB Marvin Lawrence
|
0-0: Foul Ball, location: 2F 0-1: Called Strike 0-2: Ground out 4-3 (Groundball, 4, EV 83.1 MPH) Marty King to third
|
|
Batting: SHB Ben Ervin
|
0-0: Called Strike 0-1: Ground out 6-3 (Groundball, 6, EV 86.2 MPH)
|
| Bottom of the 1st over - 1 run, 1 hit, 0 errors, 1 left on base; Norfolk 0 - Pawtucket 1 |
| TOP OF THE 2ND |
|
Norfolk Tides batting - Pitching for Pawtucket Red Sox : RHP J.J. Dean
|
|
Batting: SHB Brian Bentz
|
0-0: Called Strike 0-1: Foul Ball, location: 2F 0-2: Ball 1-2: SINGLE (Groundball, 3D, EV 97.5 MPH)
|
|
Batting: RHB Sal Espinosa
|
0-0: Foul Ball, location: 2F 0-1: Ball 1-1: Called Strike 1-2: Strikes out swinging
|
|
Batting: RHB Chase Cassidy
|
0-0: Foul Ball, location: 2F 0-1: Foul Ball, location: 2F 0-2: Ball 1-2: Foul Ball, location: 2F 1-2: Ball 2-2: Strikes out swinging
|
|
Batting: RHB Tony Logan
|
0-0: Swinging Strike 0-1: Swinging Strike 0-2: Ball 1-2: Fielders Choice at 2nd, 6-4 (Groundball, 56, EV 101.9 MPH)
|
| Top of the 2nd over - 0 runs, 1 hit, 0 errors, 1 left on base; Norfolk 0 - Pawtucket 1 |
| BOTTOM OF THE 2ND |
|
Pawtucket Red Sox batting - Pitching for Norfolk Tides : RHP Ben Knapp
|
|
Batting: RHB Ernie Genier
|
0-0: Called Strike 0-1: Foul Ball, location: 2F 0-2: Fly out, F4 (Line Drive, 4, EV 69.4 MPH)
|
|
Batting: RHB Mike Quackenbush
|
0-0: Ball 1-0: Ball 2-0: Called Strike 2-1: Ground out U3 (Groundball, 34, EV 102.5 MPH)
|
|
Batting: LHB Noel Wilson
|
0-0: Ball 1-0: SINGLE (Line Drive, 34D, EV 101.9 MPH)
|
|
Batting: SHB Gus Cruz
|
0-0: Ball 1-0: Ground out 4-3 (Groundball, 4, EV 102.5 MPH)
|
| Bottom of the 2nd over - 0 runs, 1 hit, 0 errors, 1 left on base; Norfolk 0 - Pawtucket 1 |
| TOP OF THE 3RD |
|
Norfolk Tides batting - Pitching for Pawtucket Red Sox : RHP J.J. Dean
|
|
Batting: RHB Carlos Talavera
|
0-0: Called Strike 0-1: Hit by Pitch
|
|
Batting: RHB Geoffrey van der Wekken
|
0-0: Called Strike 0-1: Foul Ball, location: 2F 0-2: Strikes out swinging
|
|
Batting: LHB Hyoji Toda
|
0-0: Ball 1-0: Foul Ball, location: 2F 1-1: DOUBLE (Flyball, 78D, EV 89.4 MPH) Carlos Talavera to third Runner from 3rd tries for Home, SAFE, no throw by LF
|
|
Batting: LHB Tom Edwards
|
0-0: SINGLE (Groundball, 5, EV 96.2 MPH) Hyoji Toda to third
|
|
Batting: RHB Mike Hayward
|
0-0: Foul Ball, location: 2F 0-1: Ball 1-1: Fly out, F8 (Flyball, 8RD, EV 100.0 MPH) Runner from 3rd tags up, OUT at HOME! 8-2
|
| Top of the 3rd over - 1 run, 2 hits, 0 errors, 1 left on base; Norfolk 1 - Pawtucket 1 |
| BOTTOM OF THE 3RD |
|
Pawtucket Red Sox batting - Pitching for Norfolk Tides : RHP Ben Knapp
|
|
Batting: LHB Shoichi Aso
|
0-0: Called Strike 0-1: Swinging Strike 0-2: Ball 1-2: Strikes out swinging, 2-3 out at first.
|
|
Batting: LHB Mike Mentzer
|
0-0: Foul Ball, location: 2F 0-1: Foul Ball, location: 2F 0-2: Foul Ball, location: 2F 0-2: Ball 1-2: SINGLE (Flyball, 7LS, EV 98.8 MPH)
|
|
Batting: RHB Marty King
|
0-0: Swinging Strike 0-1: Ball 1-1: Fly out, F7 (Flyball, 78M, EV 82.5 MPH)
|
|
Batting: SHB Marvin Lawrence
|
0-0: Foul Ball, location: 2F 0-1: Ball 1-1: Swinging Strike 1-2: DOUBLE (Line Drive, 3D, EV 105.0 MPH) Mike Mentzer to third Runner from 3rd tries for Home, throw by RF and OUT! 9-4-2
|
| Bottom of the 3rd over - 0 runs, 2 hits, 0 errors, 1 left on base; Norfolk 1 - Pawtucket 1 |
| TOP OF THE 4TH |
|
Norfolk Tides batting - Pitching for Pawtucket Red Sox : RHP J.J. Dean
|
|
Batting: SHB Brian Bentz
|
0-0: Swinging Strike 0-1: Ball 1-1: Ground out 4-3 (Groundball, 34, EV 93.1 MPH)
|
|
Batting: RHB Sal Espinosa
|
0-0: Called Strike 0-1: Swinging Strike 0-2: Ball 1-2: Strikes out swinging
|
|
Batting: RHB Chase Cassidy
|
0-0: Foul Ball, location: 2F 0-1: Fly out, F5 (Line Drive, 5, EV 62.5 MPH)
|
| Top of the 4th over - 0 runs, 0 hits, 0 errors, 0 left on base; Norfolk 1 - Pawtucket 1 |
| BOTTOM OF THE 4TH |
|
Pawtucket Red Sox batting - Pitching for Norfolk Tides : RHP Ben Knapp
|
|
Batting: SHB Ben Ervin
|
0-0: Fly out, F8 (Line Drive, 8LM, EV 91.2 MPH)
|
|
Batting: RHB Ernie Genier
|
0-0: Called Strike 0-1: Called Strike 0-2: Ball 1-2: Foul Ball, location: 2F 1-2: Foul Ball, location: 2F 1-2: Foul Ball, location: 2F 1-2: DOUBLE (Line Drive, 89XD, EV 101.2 MPH)
|
|
Batting: RHB Mike Quackenbush
|
0-0: Foul Ball, location: 2F 0-1: Called Strike 0-2: Strikes out swinging
|
|
Batting: LHB Noel Wilson
|
0-0: Ball 1-0: Called Strike 1-1: SINGLE (Groundball, 4S, EV 68.8 MPH) (infield hit) Ernie Genier to third
|
|
Batting: SHB Gus Cruz
|
0-0: Ball 1-0: Foul Ball, location: 2F 1-1: Fielders Choice at 2nd, 6-4 (Groundball, 6, EV 85.0 MPH)
|
| Bottom of the 4th over - 0 runs, 2 hits, 0 errors, 2 left on base; Norfolk 1 - Pawtucket 1 |
| TOP OF THE 5TH |
|
Norfolk Tides batting - Pitching for Pawtucket Red Sox : RHP J.J. Dean
|
|
Batting: RHB Tony Logan
|
0-0: Ball 1-0: Ground out 6-3 (Groundball, 6, EV 80.6 MPH)
|
|
Batting: RHB Carlos Talavera
|
0-0: Ground out U3 (Groundball, 3L, EV 108.1 MPH)
|
|
Batting: RHB Geoffrey van der Wekken
|
0-0: Called Strike 0-1: Ball 1-1: Ball 2-1: Foul Ball, location: 2F 2-2: Ball 3-2: Fly out, F8 (Flyball, 8RD, EV 92.5 MPH)
|
| Top of the 5th over - 0 runs, 0 hits, 0 errors, 0 left on base; Norfolk 1 - Pawtucket 1 |
| BOTTOM OF THE 5TH |
|
Pawtucket Red Sox batting - Pitching for Norfolk Tides : RHP Ben Knapp
|
|
Batting: LHB Shoichi Aso
|
0-0: Foul Ball, location: 2F 0-1: Ball 1-1: Foul Ball, location: 2F 1-2: Strikes out swinging
|
|
Batting: LHB Mike Mentzer
|
0-0: Called Strike 0-1: Ball 1-1: Swinging Strike 1-2: Ball 2-2: Foul Ball, location: 2F 2-2: Ground out 4-3 (Groundball, 4MD, EV 90.0 MPH)
|
|
Batting: RHB Marty King
|
0-0: Ball 1-0: Ball 2-0: Ground out U3 (Groundball, 34, EV 101.9 MPH)
|
| Bottom of the 5th over - 0 runs, 0 hits, 0 errors, 0 left on base; Norfolk 1 - Pawtucket 1 |
| TOP OF THE 6TH |
|
Norfolk Tides batting - Pitching for Pawtucket Red Sox : RHP J.J. Dean
|
|
Batting: LHB Hyoji Toda
|
0-0: Swinging Strike 0-1: Ball 1-1: Swinging Strike 1-2: Foul Ball, location: 2F 1-2: Foul Ball, location: 2F 1-2: Ball 2-2: Ball 3-2: Ground out 4-3 (Groundball, 13, EV 91.9 MPH)
|
|
Batting: LHB Tom Edwards
|
0-0: Ball 1-0: Ball 2-0: Ball 3-0: Called Strike 3-1: Base on Balls
|
|
Batting: RHB Mike Hayward
|
0-0: Ball 1-0: Foul Ball, location: 2F 1-1: Ball Tom Edwards steals 2nd, throwing error, E2 Tom Edwards to third 2-1: Ground out 4-3 (Groundball, 4, EV 77.5 MPH)
|
|
Batting: SHB Brian Bentz
|
0-0: Ball 1-0: Called Strike 1-1: Foul Ball, location: 2F 1-2: Ball 2-2: Ball 3-2: Ground out 4-3 (Groundball, 4, EV 100.6 MPH)
|
| Top of the 6th over - 0 runs, 0 hits, 1 error, 1 left on base; Norfolk 1 - Pawtucket 1 |
| BOTTOM OF THE 6TH |
|
Pawtucket Red Sox batting - Pitching for Norfolk Tides : RHP Ben Knapp
|
|
Batting: SHB Marvin Lawrence
|
0-0: Foul Ball, location: 2F 0-1: Swinging Strike 0-2: Foul Ball, location: 2F 0-2: Ball 1-2: Ball 2-2: Strikes out swinging
|
|
Batting: SHB Ben Ervin
|
0-0: Ball 1-0: Called Strike 1-1: Ball 2-1: Swinging Strike 2-2: Strikes out swinging
|
|
Batting: RHB Ernie Genier
|
0-0: Called Strike 0-1: Ball 1-1: Ball 2-1: Ball 3-1: Base on Balls
|
|
Batting: RHB Mike Quackenbush
|
0-0: Ball 1-0: Called Strike 1-1: Fly out, F9 (Flyball, 89D, EV 103.8 MPH)
|
| Bottom of the 6th over - 0 runs, 0 hits, 0 errors, 1 left on base; Norfolk 1 - Pawtucket 1 |
| TOP OF THE 7TH |
|
Norfolk Tides batting - Pitching for Pawtucket Red Sox : RHP J.J. Dean
|
|
Batting: RHB Sal Espinosa
|
0-0: Called Strike 0-1: Ball 1-1: Fly out, F8 (Flyball, 8LXD, EV 109.4 MPH)
|
|
Batting: RHB Chase Cassidy
|
0-0: Called Strike 0-1: Swinging Strike 0-2: Ball 1-2: Ball 2-2: Strikes out swinging, 2-3 out at first.
|
|
Batting: RHB Tony Logan
|
0-0: Called Strike 0-1: Ball 1-1: Ball 2-1: Ball 3-1: Foul Ball, location: 2F 3-2: Strikes out swinging
|
| Top of the 7th over - 0 runs, 0 hits, 0 errors, 0 left on base; Norfolk 1 - Pawtucket 1 |
| BOTTOM OF THE 7TH |
|
Pawtucket Red Sox batting - Pitching for Norfolk Tides : RHP Ben Knapp
|
|
Batting: LHB Noel Wilson
|
0-0: Ball 1-0: Foul Ball, location: 2F 1-1: Ball 2-1: Foul Ball, location: 2F 2-2: Strikes out swinging, 2-3 out at first.
|
|
Batting: SHB Gus Cruz
|
0-0: DOUBLE (Line Drive, 89XD, EV 100.6 MPH)
|
|
Batting: LHB Shoichi Aso
|
0-0: Swinging Strike 0-1: Ball 1-1: Ball Gus Cruz steals 3rd base 2-1: Squeeze Bunt to 15 - play home, runner OUT, batter safe! 1-2
|
|
Pitching: LHP Kyohei Koyama
|
|
|
Pinch Hitting: RHB Won-jun Park
|
0-0: Ball Shoichi Aso is caught stealing 2nd base 2-4
|
| Bottom of the 7th over - 0 runs, 1 hit, 0 errors, 0 left on base; Norfolk 1 - Pawtucket 1 |
| TOP OF THE 8TH |
|
Norfolk Tides batting - Pitching for Pawtucket Red Sox : RHP J.J. Dean
|
|
Now at 2B: Won-jun Park
|
|
|
Now in LF: Gus Cruz
|
|
|
Now in CF: Shoichi Aso
|
|
|
Batting: RHB Carlos Talavera
|
0-0: Foul Ball, location: 2F 0-1: Ball 1-1: Fly out, F8 (Line Drive, 8RM, EV 91.2 MPH)
|
|
Pinch Hitting: LHB Josh Downs
|
0-0: Called Strike 0-1: Ball 1-1: Foul Ball, location: 2F 1-2: Foul Ball, location: 2F 1-2: Ball 2-2: Ball 3-2: Ground out 3-1 (Groundball, 34, EV 93.1 MPH)
|
|
Batting: LHB Hyoji Toda
|
0-0: Ball 1-0: Swinging Strike 1-1: Ball 2-1: Called Strike 2-2: Foul Ball, location: 2F 2-2: Ball 3-2: Ground out 1-3 (Groundball, 13S, EV 65.6 MPH)
|
| Top of the 8th over - 0 runs, 0 hits, 0 errors, 0 left on base; Norfolk 1 - Pawtucket 1 |
| BOTTOM OF THE 8TH |
|
Pawtucket Red Sox batting - Pitching for Norfolk Tides : LHP Kyohei Koyama
|
|
Now at 1B: Josh Downs
|
|
|
Now in LF: Mike Hayward
|
|
|
Batting: RHB Won-jun Park
|
0-0: Ball 1-0: Ball 2-0: Ball 3-0: Called Strike 3-1: Base on Balls
|
|
Batting: RHB Marty King
|
0-0: Ball 1-0: Foul Ball, location: 2F 1-1: Ball 2-1: Ball 3-1: Called Strike 3-2: SINGLE (Groundball, 6D, EV 106.2 MPH) Won-jun Park to second Won-jun Park to third
|
|
Batting: SHB Marvin Lawrence
|
0-0: Called Strike 0-1: Foul Ball, location: 2F 0-2: Foul Ball, location: 2F 0-2: Ball 1-2: Foul Ball, location: 2F 1-2: Ball 2-2: Foul Ball, location: 2F 2-2: DOUBLE (Flyball, 3D, EV 86.9 MPH) Won-jun Park scores Marty King to third
|
|
Batting: SHB Ben Ervin
|
0-0: Ball 1-0: Called Strike 1-1: Ball 2-1: SINGLE (Groundball, 4M, EV 106.2 MPH) Marty King scores Marvin Lawrence to third Runner from 3rd tries for Home, SAFE, throw by CF to home
|
|
Pitching: RHP Wil Martinez
|
|
|
Batting: RHB Ernie Genier
|
0-0: Ball 1-0: Ball Ben Ervin is caught stealing 2nd base 2-4 2-0: Ball 3-0: Called Strike 3-1: Base on Balls
|
|
Batting: RHB Mike Quackenbush
|
0-0: Called Strike 0-1: DOUBLE (Line Drive, 78M, EV 105.6 MPH) Ernie Genier to third Runner from 3rd tries for Home, SAFE, throw by LF to trailing runner, SAFE at third!
|
|
Batting: LHB Noel Wilson
|
0-0: Ball 1-0: Ball 2-0: Called Strike 2-1: Foul Ball, location: 2F 2-2: Ball 3-2: Foul Ball, location: 2F 3-2: Base on Balls
|
|
Batting: SHB Gus Cruz
|
0-0: Ball 1-0: Fly out, F8 (Line Drive, 8LD, EV 93.1 MPH) Runner from 3rd tags up, OUT at HOME! 8-2
|
| Bottom of the 8th over - 4 runs, 4 hits, 0 errors, 1 left on base; Norfolk 1 - Pawtucket 5 |
| TOP OF THE 9TH |
|
Norfolk Tides batting - Pitching for Pawtucket Red Sox : RHP J.J. Dean
|
|
Pitching: RHP Billy Fitzgerald
|
|
|
Batting: LHB Tom Edwards
|
0-0: Called Strike 0-1: Swinging Strike 0-2: Ball 1-2: Strikes out swinging
|
|
Batting: RHB Mike Hayward
|
0-0: Foul Ball, location: 2F 0-1: Ball 1-1: Called Strike 1-2: Strikes out swinging, 2-3 out at first.
|
|
Batting: SHB Brian Bentz
|
0-0: Ball 1-0: Ball 2-0: Foul Ball, location: 2F 2-1: Ball 3-1: Base on Balls
|
|
Batting: RHB Sal Espinosa
|
0-0: Ball 1-0: Ball 2-0: Foul Ball, location: 2F 2-1: Foul Ball, location: 2F 2-2: SINGLE (Groundball, 5S, EV 63.8 MPH) (infield hit) Brian Bentz to second
|
|
Batting: RHB Chase Cassidy
|
0-0: Ball 1-0: Ball 2-0: Foul Ball, location: 2F 2-1: Ball 3-1: Base on Balls Brian Bentz to third Sal Espinosa to second
|
|
Batting: RHB Tony Logan
|
0-0: Ball 1-0: Ball 2-0: Called Strike 2-1: Ball 3-1: Swinging Strike 3-2: Fly out, F8 (Flyball, 89D, EV 105.0 MPH)
|
| Top of the 9th over - 0 runs, 1 hit, 0 errors, 3 left on base; Norfolk 1 - Pawtucket 5 |
|